 Dungeon Crawl Stone Soup version 0.23-a0-169-gb21e695 (webtiles) character file.

2626 OJofSteel the Arsonist (level 9, -18/68 HPs)
             Began as a Naga Fire Elementalist on Sept 11, 2018.
             Was a Believer of Vehumet.
             Demolished by a white ugly thing (22 damage)
             ... on level 9 of the Dungeon.
             The game lasted 01:40:37 (13292 turns).

OJofSteel the Arsonist (Naga Fire Elementalist)    Turns: 13292, Time: 01:40:38

Health: -18/68     AC:  9    Str: 10      XL:     9   Next: 60%
Magic:  12/12      EV:  9    Int: 19      God:    Vehumet [**....]
Gold:   364        SH:  0    Dex: 13 (14) Spells: 1/12 levels left

rFire    . . .     SeeInvis +   j - +1 mace
rCold    . . .     Gourm    .   (no shield)
rNeg     + . .     Faith    .   u - +2 robe {rN+}
rPois    +         Spirit   .   (helmet restricted)
rElec    .         Reflect  .   h - +2 cloak {rPois}
rCorr    .         Harm     .   (no gloves)
MR       +....                  (no barding)
Stlth    +++.......             G - amulet of the acrobat
HPRegen  0.21/turn              J - ring of flight
MPRegen  0.13/turn              C - ring of stealth

@: heavily drained, very slow
A: large, antennae 1, thin skeletal structure 1, see invisible, deformed body,
poison resistance, slowness 2, slow metabolism 1, spit poison 1, AC +3
a: Spit Poison, Renounce Religion, Evoke Flight


You were on level 9 of the Dungeon.
You worshipped Vehumet.
Vehumet was pleased with you.
You were not hungry.

You visited 2 branches of the dungeon, and saw 9 of its levels.

You collected 364 gold pieces.

Inventory:

Hand Weapons
 j - a +1 mace (weapon)
 y - a +2 quarterstaff of chaos
Missiles
 b - 52 poisoned needles (quivered)
 g - 176 stones
Armour
 h - a +2 cloak of poison resistance (worn)
 n - a +0 leather armour
 s - a +3 leather armour of cold resistance
 t - a +2 large shield
 u - a +2 robe of positive energy (worn)
Jewellery
 i - a +1 ring of slaying
 C - a ring of stealth (right hand)
 G - an amulet of the acrobat (around neck)
 J - a ring of flight (left hand)
 K - an uncursed amulet of harm
Wands
 d - a wand of polymorph (11)
 o - a wand of scattershot (3)
 x - a wand of digging (5)
 z - a wand of flame (26)
 M - a wand of iceblast (7)
Scrolls
 a - a scroll of remove curse
 l - a scroll of enchant weapon
 m - 3 scrolls of teleportation
 r - 2 scrolls of fog
 w - a scroll of enchant armour
 E - a scroll of blinking {unknown}
 H - a scroll of immolation {unknown}
 L - 2 scrolls of amnesia
 O - 2 scrolls of summoning {unknown}
Potions
 k - 3 potions of mutation
 p - a potion of experience {unknown}
 q - a potion of ambrosia {unknown}
 v - 2 potions of brilliance {unknown}
 A - a potion of curing {unknown}
 B - a potion of might
 D - a potion of invisibility {unknown}
 I - a potion of resistance {unknown}
Comestibles
 c - 7 rations


   Skills:
 - Level 1.5(0.4) Dodging
 - Level 3.0(1.8) Stealth
 - Level 2.0(0.8) Spellcasting
 + Level 9.1(7.7) Conjurations
 + Level 9.5(8.2) Fire Magic


You had one spell level left.
You knew the following spells:

 Your Spells              Type           Power        Failure   Level  Hunger
a - Flame Tongue          Conj/Fire      ####.        1%          1    ##.....
b - Conjure Flame         Conj/Fire      ####....     2%          3    ####...
c - Throw Flame           Conj/Fire      ####..       1%          2    ###....
d - Fireball              Conj/Fire      ####......   21%         5    ######.

Your spell library contained the following spells:

 Spells                   Type           Power        Failure   Level  Hunger
 Sandblast                Erth           #.....       19%         1    ##.....
 Sting                    Conj/Pois      ###.         3%          1    ##.....
 Confusing Touch          Hex            #.....       19%         1    ##.....
 Sticky Flame             Conj/Fire      ####....     7%          4    #####..
 Inner Flame              Hex/Fire       ###.....     11%         3    ####...
 Mephitic Cloud           Conj/Pois/Air  ##......     21%         3    ####...
 Poisonous Vapours        Pois/Air       #.....       28%         2    ###....
 Confuse                  Hex            #.......     50%         3    ####...
 Gell's Gravitas          Tloc           #.........   50%         3    ####...
 Venom Bolt               Conj/Pois      ###.......   71%         5    ######.
 Olgreb's Toxic Radiance  Pois           #.......     88%         4    #####..
 Petrify                  Tmut/Erth      #.......     88%         4    #####..
 Metabolic Englaciation   Hex/Ice        #.........   99%         5    ######.
 Yara's Violent Unravell  Hex/Tmut       #.........   99%         5    ######.


Dungeon Overview and Level Annotations

Branches:
Dungeon (7/15)             Temple (1/1) D:4

Altars:
Ashenzari
Cheibriados
Dithmenos
Fedhas
Gozag
Hepliaklqana
Makhleb
Nemelex Xobeh
Okawaru
Qazlal
Ru
Sif Muna
Trog
Uskayaw
Vehumet
Wu Jian
Xom
Yredelemnul
Zin
The Shining One

Annotations:
D:5 2 runed doors, exclusion: jelly, Ex's ghost, novice FoWr
D:7 3 runed doors, CougarLife's ghost, novice GnFi


Innate Abilities, Weirdness & Mutations

You cannot wear boots.
Your serpentine skin is tough. (AC +3)
You have supernaturally acute eyesight. (SInv)
Armour fits poorly on your strangely shaped body.
Your system is resistant to poisons. (rPois)
You cover ground very slowly.
You have a slow metabolism.
You can spit poison.
You have a pair of small antennae on your head.
You have a somewhat thin skeletal structure. (Dex +2, Stealth)


Message History

The brown ugly thing gurgles horribly!
The brown ugly thing basks in the mutagenic energy and changes!
Evoke which item? (* to show all) (? for menu, Esc to quit)
Aiming: Polymorph
Press: ? - help, Shift-Dir - straight line, f/p - red ugly thing
Aim: a red ugly thing (chance to defeat MR: 28%)
The red ugly thing basks in the mutagenic energy and changes!
The white ugly thing engulfs you! The white ugly thing freezes you!!
* * * LOW HITPOINT WARNING * * *
You feel much better. The white ugly thing engulfs you!
The white ugly thing freezes you!
* * * LOW HITPOINT WARNING * * *
Okay, then.
As you read the scroll labeled SOOROO WOMI, it crumbles to dust.
It is a scroll of amnesia.
Okay, then.
The white ugly thing engulfs you!
* * * LOW HITPOINT WARNING * * *
The white ugly thing freezes you!!
You die...

.. ... #.### ####...####
### #.........##..
#.............
#..........#
#..........#
#......u@).#.....>
#.........##.....
#####'######..... #.
.... #. ... #. #.#####
#. .. ###.....###
###.######## #.........#
#..........###.........#


You could see a white ugly thing.

Vanquished Creatures
  Grinder (D:3)
  Eustachio (D:4)
  Sigmund (D:4)
  Edmund (D:6)
  Menkaure (D:4)
  Duvessa (D:4)
  A sky beast (D:7)
  2 ogres
  A centaur (D:6)
  A big kobold (D:7)
  Dowan (D:4)
  6 killer bees (D:7)
  A bullfrog zombie (D:7)
  2 centaur zombies
  2 crimson imps
  Crazy Yiuf (D:3)
  3 hounds
  5 orc priests
  A bullfrog skeleton (D:5)
  3 jellies
  4 orc wizards
  A centaur skeleton (D:5)
  An iguana (D:7)
  5 worker ants
  A hound skeleton (D:7)
  A howler monkey skeleton (D:5)
  9 adders
  A shadow imp (D:5)
  An ooze (D:6)
  An adder skeleton (D:5)
  4 worms
  2 dart slugs
  2 leopard geckos
  23 orcs
  4 giant cockroaches
  7 goblins
  13 hobgoblins
  7 jackals
  17 kobolds
  4 quokkas
  2 ball pythons
  4 bats (D:1)
  4 frilled lizards
  A quokka skeleton (D:5)
  2 rats
157 creatures vanquished.

Notes
Turn   | Place    | Note
-------+----------+-------------------------------------------
     0 | D:1      | OJofSteel the Naga Fire Elementalist began the quest for
                  | the Orb.
     0 | D:1      | Reached XP level 1. HP: 15/15 MP: 3/3
   482 | D:1      | Reached XP level 2. HP: 22/22 MP: 5/5
  1174 | D:1      | Reached XP level 3. HP: 28/28 MP: 2/6
  2099 | D:2      | Learned a level 3 spell: Conjure Flame
  2102 | D:2      | Learned a level 2 spell: Throw Flame
  2392 | D:2      | Upgraded the game from 0.23-a0-164-g7711e57 to
                  | 0.23-a0-169-gb21e695
  2842 | D:3      | Found a runed door.
  2873 | D:2      | Reached XP level 4. HP: 32/36 MP: 0/7
  3452 | D:3      | Noticed Grinder
  4114 | D:4      | Noticed Eustachio
  4182 | D:4      | Found a staircase to the Ecumenical Temple.
  4182 | D:4      | Noticed Menkaure
  4261 | D:4      | Noticed Dowan
  4322 | D:4      | Noticed Duvessa
  4436 | D:4      | Killed Eustachio
  4436 | D:4      | Reached skill level 5 in Fire Magic
  4436 | D:4      | Reached XP level 5. HP: 20/42 MP: 0/8
  4436 | D:4      | Reached XP level 6. HP: 24/49 MP: 0/9
  4730 | D:4      | Killed Menkaure
  5579 | Temple   | Entered the Ecumenical Temple
  5587 | Temple   | Became a worshipper of Vehumet
  5905 | D:4      | Noticed Sigmund
  6189 | D:4      | Killed Duvessa
  6189 | D:4      | Reached skill level 5 in Conjurations
  6189 | D:4      | Reached XP level 7. HP: 42/55 MP: 3/10
  6309 | D:4      | Killed Dowan
  6835 | D:5      | Entered Level 5 of the Dungeon
  7368 | D:4      | Found a faded altar of an unknown god.
  7368 | D:4      | Found a faded altar of an unknown god.
  7374 | D:4      | Found a sacrificial altar of Ru.
  7376 | D:4      | Found a hazy altar of Hepliaklqana.
  7378 | D:4      | Found a hide-covered altar of Uskayaw.
  7554 | D:4      | Killed Sigmund
  7554 | D:4      | Reached XP level 8. HP: 62/62 MP: 0/11
  7706 | D:3      | Paralysed by Grinder for 7 turns
  7713 | D:3      | Killed Grinder
  7897 | D:3      | Noticed Crazy Yiuf
  7903 | D:3      | Killed Crazy Yiuf
  8106 | D:5      | Found a glowing silver altar of Zin.
  8292 | D:5      | Found a runed door.
  8297 | D:5      | Noticed Ex's ghost (novice FoWr)
  9091 | D:5      | Found a runed door.
  9134 | D:5      | Found a bloodstained altar of Trog.
  9169 | D:5      | Found a blossoming altar of Fedhas.
  9478 | D:6      | Got a crystal quarterstaff
  9479 | D:6      | Identified the +2 quarterstaff "Hellblazer" {crush, MP-9
                  | Str+4 Dex+6 Stlth+} (You found it on level 6 of the
                  | Dungeon)
 10021 | D:6      | Noticed Edmund
 10035 | D:6      | Killed Edmund
 10035 | D:6      | Reached XP level 9. HP: 68/68 MP: 0/12
 10605 | D:6      | Reached * piety under Vehumet
 10605 | D:6      | Offered knowledge of Sting by Vehumet.
 11469 | D:7      | Found a runed gate.
 11471 | D:7      | Noticed CougarLife's ghost (novice GnFi)
 11472 | D:7      | Found a runed gate.
 11472 | D:7      | Found a runed gate.
 11760 | D:7      | Learned a level 5 spell: Fireball
 11846 | D:7      | Gained mutation: You have a somewhat thin skeletal
                  | structure. (Dex +2, Stealth) [potion of mutation]
 11846 | D:7      | Gained mutation: You have a pair of small antennae on your
                  | head. [potion of mutation]
 12945 | D:7      | Reached ** piety under Vehumet
 12945 | D:7      | Offered knowledge of Sandblast by Vehumet.
 13054 | D:7      | You fall through a shaft for 2 floors!
 13054 | D:9      | Noticed a two-headed ogre
 13058 | D:9      | Identified the Grimoire of Sinister Feathers
 13061 | D:9      | Noticed a green ugly thing
 13292 | D:9      | Demolished by a white ugly thing

Vault maps used:
D:1:      lemuel_arrival_river_ford
D:2:      first_ration
D:3:      uniq_grinder, uniq_crazy_yiuf_cottage
D:4:      chequers_temple_overflow_minitemple, temple_statues, uniq_duvessa,
          uniq_eustachio, uniq_menkaure, uniq_sigmund
D:5:      zin_academy, gammafunk_temple_overflow_pools, serial_curves,
          eino_curves_03, eino_curves_04, ebering_ghost_sewer_f,
          serial_bayou_pond_c
D:6:      corexii_shack_village, uniq_edmund
D:7:      biasface_ghost_orc_armoury
D:9:      elyvilon_altar_5, kiku_gazebo_pond_becter, erik_orc_3, uniq_harold,
          uniq_prince_ribbit1, uniq_pikel
Temple:   eino_narrow_crystal_temple

Skill      XL: |  1  2  3  4  5  6  7  8  9 |
---------------+----------------------------+-----
Conjurations   | 2 4 5 6 7 9 |  9.1
Fire Magic     | 5 6 8 9 |  9.5
Dodging        | |  1.5
Stealth        | |  3.0
Spellcasting   | |  2.0

Action                   |  1- 3 |  4- 6 |  7- 9 || total
-------------------------+-------+-------+-------++-------
Melee: Mace              |     9 |     3 |    87 ||    99
       Whip              |     6 |       |       ||     6
Throw: Stone             |     1 |       |       ||     1
 Cast: Flame Tongue      |    68 |    75 |   240 ||   383
       Throw Flame       |     2 |     3 |    13 ||    18
       Conjure Flame     |       |     8 |     9 ||    17
 Abil: Spit Poison       |     4 |    17 |    17 ||    38
Evoke: Wand              |       |       |     8 ||     8
  Use: Scroll            |     1 |     4 |     8 ||    13
       Potion            |       |       |     7 ||     7
  Eat: Chunk             |     6 |     8 |    18 ||    32
       Ration            |       |     1 |     2 ||     3
Armor: Robe              |    10 |    10 |    66 ||    86
Dodge: Dodged            |    19 |    17 |   104 ||   140

Table legend:
 A = Non-vault XP
 B = Vault XP
 C = Vault XP percentage of total XP
 D = Non-vault monster count
 E = Vault monster count
 F = Vault count percentage of total count
                 A         B        C        D         E       F
            +---------+---------+-------+---------+---------+-------
      Total |    2466 |    1286 |  34.3 |     139 |      18 |  11.5
            +---------+---------+-------+---------+---------+-------
        D:1 |      42 |       0 |   0.0 |      24 |       0 |   0.0
        D:2 |      34 |       0 |   0.0 |      10 |       0 |   0.0
        D:3 |      75 |     293 |  79.6 |      15 |       2 |  11.8
        D:4 |     274 |     810 |  74.7 |      22 |       5 |  18.5
        D:5 |     373 |       0 |   0.0 |      16 |       0 |   0.0
        D:6 |     530 |     183 |  25.7 |      20 |      11 |  35.5
        D:7 |    1138 |       0 |   0.0 |      32 |       0 |   0.0
            +---------+---------+-------+---------+---------+-------
